 Dungeon Crawl Stone Soup version 0.31-a0-832-g3a2c1c66ba (webtiles) character file.

Game seed: 488169847643116564

233 Ijustatesigmund the Conjurer (level 5, -4/29 HPs)
             Began as a Deep Elf Conjurer on Sept 25, 2023.
             Slain by Pikel
             ... wielding a +2 whip of flaming
              (12 damage)
             ... on level 3 of the Dungeon.
             The game lasted 00:04:40 (3301 turns).

Ijustatesigmund the Conjurer (Deep Elf Conjurer)    Turns: 3301, Time: 00:04:40

Health: -4/29      AC:  3    Str:  4    XL:     5   Next: 74%
Magic:  8/14       EV: 12    Int: 25    God:
Gold:   93         SH:  0    Dex: 13    Spells: 7/14 levels left

rFire   . . .        m - +0 orcbow
rCold   . . .        (shield currently unavailable)
rNeg    . . .        a - +0 robe
rPois   .            (no helmet)
rElec   .            (no cloak)
rCorr   .            (no gloves)
SInv    .            j - +0 pair of boots
Will    .....        (no amulet)
Stlth   ++           o - ring of wizardry
HPRegen 0.24/turn    (no ring)
MPRegen 0.14/turn

%: wizardry (x1)
@: no status effects
A: no striking features
a: no special abilities


You were on level 3 of the Dungeon.
You visited 1 branch of the dungeon, and saw 4 of its levels.

You collected 93 gold pieces.

Inventory:

Hand Weapons
 f - a +0 rapier
 m - a +0 orcbow (weapon)
Armour
 a - a +0 robe (worn)
 j - a +0 pair of boots (worn)
Jewellery
 o - a ring of wizardry (left hand)
Scrolls
 c - 3 scrolls of identify {unknown}
 d - 2 scrolls of teleportation {unknown}
 h - a scroll of amnesia {unknown}
 i - a scroll of revelation {unknown}
 k - a scroll of torment {unknown}
 l - a scroll of silence {unknown}
 p - a scroll of enchant weapon {unknown}
Potions
 b - a potion of magic
 e - a potion of resistance {unknown}
 g - 3 potions of curing {unknown}
 n - a potion of lignification {unknown}


   Skills:
 - Level 1.5 Fighting
 + Level 2.4 Ranged Weapons
 - Level 2.4 Dodging
 - Level 2.4 Stealth
 + Level 5.0 Spellcasting
 + Level 5.5 Conjurations
 + Level 2.0 Translocations


You had 7 spell levels left.
You knew the following spells:

 Your Spells              Type           Power      Damage    Failure   Level
a - Magic Dart            Conj           100%       1d8       1%          1
b - Searing Ray           Conj           66%        2d6       1%          2
c - Iskenderun's Mystic   Conj/Tloc      25%        2d7       7%          4

Your spell library contained the following spells:

 Spells                   Type           Power      Damage    Failure   Level
 Shock                    Conj/Air       80%        1d8       1%          1
 Dazzling Flash           Conj/Hex       40%        N/A       3%          3
 Swiftness                Air            6%         N/A       10%         3
 Fulminant Prism          Conj/Hex       10%        3d9       11%         4
 Airstrike                Air            3%         2d(1-17)  32%         4


Dungeon Overview and Level Annotations

Branches:
Dungeon (4/15)
 Temple: D:4-7

Altars:
Ashenzari
Sif Muna

Shops:
D:1 (

Annotations:
D:3 Pikel
D:4 Grinder


Message History

Pikel zaps a wand.
You resist with some effort.
There is a stone staircase leading up here.
Casting: Searing Ray (safe; 1% risk of failure)
Confirm with . or Enter, or press ? or * to list all spells.
Aiming: Searing Ray (safe; 1% risk of failure)
Press: ? - help, Shift-Dir - straight line, f - Pikel
Aim: Pikel, wielding a +2 whip of flaming, wearing a +0 robe and carrying a wand of paralysis (76% to hit)
The searing ray misses Pikel. (Press . to maintain the ray.)
A lemure comes into view.
Pikel zaps a wand.
You suddenly lose the ability to move!
Pikel hits you with a +2 whip of flaming!
Pikel burns you.
You can move again.
Pikel hits you with a +2 whip of flaming.
Pikel burns you.
You climb upwards.
There is a stone staircase leading down here.
Casting: Searing Ray (safe; 1% risk of failure)
Confirm with . or Enter, or press ? or * to list all spells.
Aiming: Searing Ray (safe; 1% risk of failure)
Press: ? - help, Shift-Dir - straight line, f - Pikel
Aim: Pikel, wielding a +2 whip of flaming, wearing a +0 robe and carrying a wand of paralysis (76% to hit)
The searing ray hits Pikel.
Pikel is lightly wounded. (Press . to maintain the ray.) Pikel misses you.
The searing ray hits Pikel!
Pikel is moderately wounded.
Pikel barely misses you.
The searing ray hits Pikel but does no damage.
Pikel is moderately wounded.
Pikel hits you with a +2 whip of flaming!
Pikel burns you.
* * * LOW HITPOINT WARNING * * *
The searing ray misses Pikel.
You finish channelling your searing ray.
Pikel hits you with a +2 whip of flaming!
You die...
Pikel says, "Another soul for the market."

........#...#.##.....#...#.#.#
..).....#..##.##.#...###.#.#.#
.##)..........#..#...# #.#.#.#
............#.#.##...# #.#.#.#
.#####..#....<#......# #.#.#.#
..........#.#......#####.#.#.#
######..#.#......#.......#.#.#
# #..#.#.#..............#.# #
#..#......K@###########.# #
#..#.###.#..## #.#
#..#†#...#...## #.#
#..#.##..##8.8# #.#
#..#.######..## #.#
###..#[..###..## ##.#
#....#...##..### ####..##
#.#......###P.P# #......#
#.####.######..# #......#


You could see Pikel.

Vanquished Creatures
  2 lemures (D:3)
  2 orc priests (D:3)
  Natasha (thrice) (D:3)
  4 adders
  A dart slug (D:1)
  8 orcs (D:3)
  5 endoplasms
  5 giant cockroaches
  2 goblins (D:1)
  8 hobgoblins
  3 quokkas
  3 ball pythons
  4 bats
  4 kobolds
  2 rats
56 creatures vanquished.

Notes
Turn   | Place    | Note
-------+----------+-------------------------------------------
     0 | D:1      | Ijustatesigmund the Deep Elf Conjurer began the quest for
                  | the Orb.
     0 | D:1      | Reached XP level 1. HP: 10/10 MP: 6/6
   250 | D:1      | Reached XP level 2. HP: 16/16 MP: 5/8
   253 | D:1      | Learned a level 2 spell: Searing Ray
   362 | D:1      | Found Koit's Antique Weapon Emporium.
   675 | D:1      | Reached skill level 1 in Fighting
  1076 | D:2      | Reached XP level 3. HP: 20/20 MP: 8/10
  1250 | D:2      | Reached skill level 5 in Conjurations
  1735 | D:3      | Reached XP level 4. HP: 25/25 MP: 12/12
  1740 | D:3      | Learned a level 4 spell: Iskenderun's Mystic Blast
  2061 | D:3      | Reached skill level 1 in Ranged Weapons
  2186 | D:3      | Found a broken altar of Ashenzari.
  2204 | D:3      | Reached skill level 1 in Translocations
  2208 | D:3      | Reached XP level 5. HP: 29/29 MP: 9/13
  2304 | D:3      | Noticed Natasha
  2312 | D:3      | Killed Natasha
  2387 | D:3      | Found a shimmering blue altar of Sif Muna.
  2497 | D:3      | Noticed Natasha
  2501 | D:3      | Killed Natasha
  2574 | D:3      | Noticed Natasha
  2578 | D:3      | Killed Natasha
  2579 | D:3      | Reached skill level 5 in Spellcasting
  2983 | D:3      | Found a faded altar of an unknown god.
  3026 | D:4      | Noticed Pikel
  3030 | D:4      | Noticed a lemure
  3030 | D:4      | Noticed a lemure
  3032 | D:4      | Noticed a lemure
  3033 | D:4      | Noticed Grinder
  3052 | D:3      | Killed a lemure
  3243 | D:3      | Killed a lemure
  3292 | D:4      | Noticed a lemure
  3292 | D:4      | Paralysed by Pikel for 4 turns
  3301 | D:3      | Slain by Pikel

Illustrated notes

Levels and vault maps discovered:
D:1:      mrwooster_arrival_statue_2, layout_loops_cross, serial_shops, shop
D:2:      layout_loops_cross, glass_columns_c
D:3:      layout_basic, nicolae_overflow_hidden_temple, amcnicky_altar_gilded,
          shapermc_ecumenical_altar_petra, item_on_display_b, uniq_natasha
D:4:      layout_rooms, gammafunk_temple_overflow_wave,
          mainiacjoe_overflow_big_doors, minmay_manual_mares, uniq_pikel,
          uniq_grinder

Skill      XL: |  1  2  3  4  5 |
---------------+----------------+-----
Fighting       | 1 |  1.5
Spellcasting   | 4 5 |  5.0
Conjurations   | 5 |  5.5
Ranged Weapons | 1 2 |  2.4
Translocations | 1 2 |  2.0
Dodging        | |  2.4
Stealth        | |  2.4

Action                     |  1- 3 |  4- 6 || total
---------------------------+-------+-------++-------
   Fire: Sling             |     4 |    21 ||    25
         Orcbow            |       |     8 ||     8
   Cast: Magic Dart        |    57 |    18 ||    75
         Searing Ray       |     1 |    15 ||    16
 Armour: Robe              |     6 |    18 ||    24
  Dodge: Dodged            |     9 |    10 ||    19

Table legend: (Time is in decaauts)
 A = Elapsed time spent in this place.
 B = Non-inter-level travel time spent in this place.
 C = Inter-level travel time spent in this place.
 D = Time resting spent in this place.
 E = Time spent auto-exploring this place.
 F = Levels seen in this place.
 G = Mean time per level.
                   A        B        C        D        E       F      G
               +--------+--------+--------+--------+--------+-----+--------+
         Total |   3312 |   3243 |     69 |    315 |   2571 |   4 |  828.0 |
       Dungeon |   3312 |   3243 |     69 |    315 |   2571 |   4 |  828.0 |
               +--------+--------+--------+--------+--------+-----+--------+

Top non-repeatable levels by time:
     D:3: 1579 daAuts
     D:1: 950 daAuts
     D:2: 721 daAuts
     D:4: 62 daAuts
